 Dungeon Crawl Stone Soup version 0.27-a0-1187-ge80a49f48c (webtiles) character file.

Game seed: 18334801778761732893

252 DasRunzen the Poker (level 5, -1/45 HPs)
             Began as a Demigod Gladiator on May 20, 2021.
             Engulfed by a steam dragon's steam (10 damage)
             ... on level 5 of the Dungeon.
             The game lasted 00:03:42 (3214 turns).

DasRunzen the Poker (Demigod Gladiator)             Turns: 3214, Time: 00:03:43

Health: -1/45      AC:  4    Str: 15    XL:     5   Next: 58%
Magic:  7/7        EV: 13    Int: 14    God:
Gold:   54         SH:  0    Dex: 15    Spells: 4/4 levels left

rFire    . . .     SeeInvis .   a - +0 trident
rCold    . . .     Faith    .   (no shield)
rNeg     . . .     Spirit   .   b - +0 leather armour
rPois    .         Reflect  .   c - +0 helmet
rElec    .         Harm     .   (no cloak)
rCorr    .         Rampage  .   (no gloves)
Will     .....                  (no boots)
Stlth    +.........             (no amulet)
HPRegen  0.15/turn              (no ring)
MPRegen  0.10/turn              (no ring)

@: no status effects
A: high mp 1, forlorn
a: no special abilities


You were on level 5 of the Dungeon.
You visited 1 branch of the dungeon, and saw 5 of its levels.

You collected 54 gold pieces.

Inventory:

Hand Weapons
 a - a +0 trident (weapon)
Missiles
 d - 3 throwing nets (quivered)
Armour
 b - a +0 leather armour (worn)
 c - a +0 helmet (worn)
Wands
 e - a wand of flame (9)
Scrolls
 g - a scroll of teleportation {unknown}
 i - a scroll of magic mapping {unknown}
Potions
 f - a potion of curing {unknown}
 h - 5 potions of heal wounds {unknown}
 j - a potion of haste {unknown}


   Skills:
 + Level 3.1 Fighting
 + Level 3.8 Polearms
 - Level 1.7 Throwing
 + Level 2.3 Armour
 + Level 3.8 Dodging


You had 4 spell levels left.
You didn't know any spells.
Your spell library contained the following spells:

 Spells                   Type           Power      Damage    Failure   Level
 Magic Dart               Conj           0%         1d3       34%         1
 Blink                    Tloc           N/A        N/A       47%         2
 Call Imp                 Summ           0%         N/A       47%         2
 Slow                     Hex            0%         N/A       47%         2
 Conjure Flame            Conj/Fire      0%         6-21      71%         3
 Mephitic Cloud           Conj/Pois/Air  0%         N/A       71%         3


Dungeon Overview and Level Annotations

Branches:
Dungeon (6/15)
 Temple: D:4-7


Innate Abilities, Weirdness & Mutations

Your attributes grow dramatically as you level up.
You have an increased reservoir of magic. (+10% MP)
You shall have no god before yourself.


Message History

There is a stone staircase leading up here.
You feel sick. The kobold hits you but does no damage.
You climb upwards.
A steam dragon comes into view.
You feel sick.
There is a stone staircase leading down here.
The helpless steam dragon fails to defend itself.
You hit the steam dragon.
The steam dragon is lightly wounded.
You feel sick. The kobold barely misses you.
The steam dragon bites you but does no damage.
The steam dragon closely misses you.
You puncture the steam dragon!
The steam dragon is moderately wounded.
You feel sick.
You are no longer poisoned.
The kobold hits you but does no damage. The steam dragon closely misses you.
The steam dragon claws you but does no damage.
You hit the steam dragon.
The steam dragon is heavily wounded.
The kobold hits you with a +0 short sword.
The steam dragon barely misses you. The steam dragon closely misses you.
You puncture the steam dragon!
The steam dragon is severely wounded.
The kobold completely misses you. The steam dragon breathes steam at you.
The ball of steam hits you!
You closely miss the steam dragon.
The steam dragon is severely wounded.
You are engulfed in a cloud of scalding steam.
* * * LOW HITPOINT WARNING * * *
The kobold closely misses you. The steam dragon closely misses you.
The steam dragon misses you.
A worm comes into view.
The kobold hits you with a +0 short sword.
* * * LOW HITPOINT WARNING * * *
You completely miss the steam dragon.
The steam dragon is severely wounded.
You are engulfed in a cloud of scalding steam.
You die...

# # .# ..#
#.#....
##......#
#@K....#
#....D.....#
.w..#####.####
.# .# #


You could see a steam dragon, a worm and a kobold.

Vanquished Creatures
  Sigmund (D:2)
  4 adders (D:2)
  4 ball pythons
  7 endoplasms
  A giant cockroach (D:1)
  3 goblins
  5 hobgoblins
  4 jackals (D:1)
  4 kobolds
  4 quokkas
  7 bats
  2 frilled lizards (D:1)
  5 rats (D:1)
51 creatures vanquished.

Notes
Turn   | Place    | Note
-------+----------+-------------------------------------------
     0 | D:1      | DasRunzen the Demigod Gladiator began the quest for the
                  | Orb.
     0 | D:1      | Reached XP level 1. HP: 17/17 MP: 3/3
   509 | D:1      | Reached XP level 2. HP: 24/24 MP: 4/4
   968 | D:1      | Reached skill level 1 in Armour
  1434 | D:1      | Reached XP level 3. HP: 29/29 MP: 5/5
  2392 | D:2      | Noticed Sigmund
  2404 | D:2      | Killed Sigmund
  2405 | D:2      | Reached XP level 4. HP: 19/38 MP: 6/6
  2405 | D:2      | Reached XP level 5. HP: 22/45 MP: 7/7
  3201 | D:3      | You fall into a shaft and drop 3 floors!
  3201 | D:6      | Noticed a kobold demonologist
  3208 | D:5      | Entered Level 5 of the Dungeon
  3208 | D:5      | Noticed a steam dragon
  3214 | D:5      | Engulfed by a steam dragon's steam

Illustrated notes

Levels and vault maps discovered:
D:1:      onia_arrival_mini_maze, layout_basic, minmay_pentomino_t4
D:2:      minmay_door_path, layout_loops_ring,
          shapermc_ecumenical_altar_notcrosses, uniq_sigmund
D:3:      layout_basic, pdpol_wu_jian_five_deadly_venoms,
          amcnicky_mini_corridor_feature
D:5:      layout_loops_corners, marbit_many_paths,
          minmay_temple_entry_gardened_gates, ebering_ghost_sewer_f,
          minivault_11
D:6:      layout_basic, kennysheep_mini

Skill      XL: |  1  2  3 |
---------------+----------+-----
Fighting       | 2 3 |  3.1
Polearms       | 3 |  3.8
Armour         | 1 2 |  2.3
Dodging        | 3 |  3.8
Throwing       | |  1.7

Action                   |  1- 3 |  4- 6 || total
-------------------------+-------+-------++-------
Melee: Trident           |   170 |    38 ||   208
Evoke: Wand              |     7 |       ||     7
  Use: Scroll            |     4 |       ||     4
 Stab: Sleeping          |     3 |     2 ||     5
Armor: Leather armour    |    38 |    14 ||    52
Dodge: Dodged            |   128 |    29 ||   157

Table legend: (Time is in decaauts)
 A = Elapsed time spent in this place.
 B = Non-inter-level travel time spent in this place.
 C = Inter-level travel time spent in this place.
 D = Time resting spent in this place.
 E = Time spent auto-exploring this place.
 F = Levels seen in this place.
 G = Mean time per level.
                   A        B        C        D        E       F      G
               +--------+--------+--------+--------+--------+-----+--------+
         Total |   3244 |   3182 |     62 |    506 |   2271 |   5 |  648.8 |
       Dungeon |   3244 |   3182 |     62 |    506 |   2271 |   5 |  648.8 |
               +--------+--------+--------+--------+--------+-----+--------+

Top non-repeatable levels by time:
     D:1: 1688 daAuts
     D:2: 1402 daAuts
     D:3: 140 daAuts
     D:6: 6 daAuts
     D:5: 6 daAuts
